[Event "29th Czech Open-Rapid 2018"]
[Site "Pardubice"]
[Date "2018.07.19"]
[Round "6"]
[White "Biolek, Richard"]
[Black "Buchcar, Tomas"]
[Result "1-0"]
[ECO "A56"]
[WhiteElo "2364"]
[BlackElo "2174"]
[Annotator "NA"]
[PlyCount "101"]
[EventDate "2018.07.18"]
[EventType "swiss"]
[EventCountry "CZE"]
[SourceTitle "playchess.com"]
[Source "ChessBase"]
[SourceQuality "1"]
[TimeControl "900+10"]

1. d4 Nf6 2. c4 c5 3. Nf3 cxd4 4. Nxd4 b6 5. Nc3 Bb7 6. Qc2 e6 7. e4 d6 8. Be2 a6 9. O-O Be7 10. Be3 Nbd7 11. Rfd1 Qc7 12. f3 O-O 13. Rac1 Rac8 14. Bf1 Qb8 15. Qf2 Bd8 16. Kh1 Bc7 17. Qh4 Ne5 18. b3 Rfe8 19. Bg1 Kh8 20. Qg5 Bd8 21. Qd2 Rg8 22. Nce2 Bc7 23. Ng3 Rce8 24. Qb2 h5 25. Qf2 h4 26. Nge2 g5 27. Nc3 Rg6 28. Nc2 Nh5 29. Qd2 Reg8 30. Bd4 Kh7 31. Ne3 Nc6 32. Ne2 Qf8 33. Bb2 Bc8 34. Ba3 e5 35. Nd5 Bd8 36. Qe3 g4 37. f4 g3 38. f5 Rh6 39. h3 Ne7 40. Nxb6 Nxf5 41. exf5 Bxf5 42. Nd5 Qg7 43. Qf3 Bc8 44. Rc2 f5 45. Bc1 f4 46. Nec3 Kh8 47. Bd3 Be6 48. Ne4 Qd7 49. Bf1 Ng7 50. Bb2 Bf5 51. c5 1-0

[Event "29th Czech Open-Rapid 2018"]
[Site "Pardubice"]
[Date "2018.07.19"]
[Round "6"]
[White "Grekh, Andrey"]
[Black "Pein, Jonathan"]
[Result "1-0"]
[ECO "C44"]
[WhiteElo "2351"]
[BlackElo "2123"]
[Annotator "NA"]
[PlyCount "93"]
[EventDate "2018.07.18"]
[EventType "swiss"]
[EventCountry "CZE"]
[SourceTitle "playchess.com"]
[Source "ChessBase"]
[SourceQuality "1"]
[TimeControl "900+10"]

1. e4 Nc6 2. Nf3 e5 3. d4 exd4 4. c3 d3 5. Bxd3 d6 6. h3 Nf6 7. O-O g6 8. Bg5 Bg7 9. Qd2 O-O 10. Na3 Ne5 11. Nxe5 dxe5 12. Rad1 Be6 13. Qe3 c6 14. Bc4 Qc8 15. f4 exf4 16. Rxf4 Nh5 17. Rf2 Bxc4 18. Nxc4 Qe6 19. b3 f6 20. Bh4 g5 21. Bg3 Nxg3 22. Qxg3 Rad8 23. Nd6 Rd7 24. Rfd2 Rfd8 25. Nc4 Rxd2 26. Rxd2 Rxd2 27. Nxd2 Bf8 28. Qd3 Qd6 29. Qxd6 Bxd6 30. Kf2 Be5 31. c4 Kf7 32. g4 Ke6 33. Nf3 Bf4 34. Ke2 Kd6 35. Kd3 Kc5 36. Nd4 Kb4 37. Ne6 b5 38. cxb5 cxb5 39. Nxf4 gxf4 40. Ke2 Ka3 41. g5 fxg5 42. e5 Kxa2 43. e6 Kxb3 44. e7 a5 45. e8=Q b4 46. Qg8+ Kb2 47. Qa8 1-0

[Event "29th Czech Open-Rapid 2018"]
[Site "Pardubice"]
[Date "2018.07.19"]
[Round "6"]
[White "Zaitsev, Alexander"]
[Black "Mosesov, Danylo"]
[Result "1-0"]
[ECO "B40"]
[WhiteElo "2335"]
[BlackElo "2150"]
[Annotator "NA"]
[PlyCount "109"]
[EventDate "2018.07.18"]
[EventType "swiss"]
[EventCountry "CZE"]
[SourceTitle "playchess.com"]
[Source "ChessBase"]
[SourceQuality "1"]
[TimeControl "900+10"]

1. e4 c5 2. Nf3 e6 3. g3 d5 4. exd5 exd5 5. d4 Nc6 6. Bg2 Bd6 7. dxc5 Bxc5 8. O-O Nge7 9. Nbd2 O-O 10. Nb3 Bb6 11. Nfd4 h6 12. Be3 Ne5 13. Re1 Nc4 14. Bc1 Re8 15. c3 a5 16. Nd2 Nd6 17. Nf1 a4 18. Bf4 Nc4 19. b3 axb3 20. axb3 Rxa1 21. Qxa1 Na5 22. Qa3 Ng6 23. Rxe8+ Qxe8 24. Be3 Qe7 25. Qa2 Qd8 26. Nd2 Bxd4 27. Bxd4 Be6 28. Nf3 Nc6 29. Be3 Nge5 30. Nxe5 Nxe5 31. Qa7 Qc8 32. Qd4 Nc6 33. Qc5 Qa8 34. h3 Ne5 35. Kh2 Qa1 36. Bxd5 Bxd5 37. Qxd5 Qxc3 38. Qxb7 h5 39. Kg2 Nd3 40. Qa8+ Kh7 41. Qd5 Ne1+ 42. Kf1 Nc2 43. Bd2 Qa1+ 44. Kg2 Qd1 45. Qe4+ Kg8 46. Bc3 Kf8 47. b4 Qb1 48. Qa8+ Ke7 49. Qb7+ Ke6 50. b5 Qb3 51. Qc6+ Ke7 52. b6 Qa2 53. b7 Ne3+ 54. Kf3 Nd1 55. Bb4+ 1-0

[Event "29th Czech Open-Rapid 2018"]
[Site "Pardubice"]
[Date "2018.07.19"]
[Round "6"]
[White "Sarkar, Justin"]
[Black "Priyanka, Nutakki"]
[Result "1-0"]
[ECO "A56"]
[WhiteElo "2314"]
[BlackElo "1839"]
[Annotator "NA"]
[PlyCount "81"]
[EventDate "2018.07.18"]
[EventType "swiss"]
[EventCountry "CZE"]
[SourceTitle "playchess.com"]
[Source "ChessBase"]
[SourceQuality "1"]
[TimeControl "900+10"]

1. d4 Nf6 2. c4 c5 3. e3 g6 4. Nc3 Bg7 5. Nf3 O-O 6. Be2 d5 7. dxc5 Qa5 8. cxd5 Nxd5 9. Qxd5 Bxc3+ 10. Kf1 Bb4 11. a3 Bxc5 12. Bd2 Qb6 13. Bc3 Be6 14. Qg5 f6 15. Qh6 Rf7 16. h4 Nd7 17. h5 g5 18. b4 Bd6 19. Nxg5 fxg5 20. Qxe6 Nf8 21. Qd5 h6 22. Rd1 Rc8 23. Bd4 Qc6 24. Qxc6 Rxc6 25. Bxa7 Rc3 26. Bd4 Rxa3 27. Bc4 e6 28. Bb2 Ra4 29. Rxd6 Rxb4 30. Ba3 Rxc4 31. Ke2 Rc2+ 32. Rd2 Rxd2+ 33. Kxd2 Rxf2+ 34. Kd3 Rxg2 35. Rc1 Nd7 36. Rc8+ Kf7 37. Rc7 Ke8 38. Rc8+ Kf7 39. Rc7 Ke8 40. Rc8+ Kf7 41. Rc7 1-0

[Event "29th Czech Open-Rapid 2018"]
[Site "Pardubice"]
[Date "2018.07.19"]
[Round "6"]
[White "Gomes, Mary Ann"]
[Black "Kolasa, Pjotrs"]
[Result "0-1"]
[ECO "C65"]
[WhiteElo "2297"]
[BlackElo "2104"]
[Annotator "NA"]
[PlyCount "90"]
[EventDate "2018.07.18"]
[EventType "swiss"]
[EventCountry "CZE"]
[SourceTitle "playchess.com"]
[Source "ChessBase"]
[SourceQuality "1"]
[TimeControl "900+10"]

1. e4 e5 2. Nf3 Nc6 3. Bb5 Nf6 4. d3 Bc5 5. O-O Nd4 6. Nxd4 Bxd4 7. c3 Bb6 8. d4 O-O 9. dxe5 Nxe4 10. Qd5 Nxf2 11. Rxf2 c6 12. Qf3 cxb5 13. Be3 Bxe3 14. Qxe3 Qe7 15. Nd2 d6 16. Re1 dxe5 17. Qxe5 Qxe5 18. Rxe5 Bd7 19. Nf3 Rfe8 20. Rh5 f6 21. Rd2 Bc6 22. Nd4 Rad8 23. Kf2 Re5 24. Rxe5 fxe5 25. Nf3 Rxd2+ 26. Nxd2 Kf7 27. g3 Kf6 28. Ke3 Kf5 29. h3 h5 30. Nb3 b6 31. Nc1 Bg2 32. h4 Kg4 33. Kf2 Be4 34. b4 Bd5 35. Nd3 Kf5 36. a3 Bc4 37. Ne1 Ke4 38. Nf3 Kd3 39. Nxe5+ Kxc3 40. Ke3 Kb3 41. Kd4 Kxa3 42. Nc6 a5 43. bxa5 bxa5 44. Nxa5 Bf7 45. Ke3 Bd5 0-1

[Event "29th Czech Open-Rapid 2018"]
[Site "Pardubice"]
[Date "2018.07.19"]
[Round "6"]
[White "Rosko, Lubos"]
[Black "Michelle Catherina, P."]
[Result "1/2-1/2"]
[ECO "D38"]
[WhiteElo "2294"]
[BlackElo "1970"]
[Annotator "NA"]
[PlyCount "84"]
[EventDate "2018.07.18"]
[EventType "swiss"]
[EventCountry "CZE"]
[SourceTitle "playchess.com"]
[Source "ChessBase"]
[SourceQuality "1"]
[TimeControl "900+10"]

1. d4 Nf6 2. Nf3 e6 3. c4 d5 4. Nc3 Bb4 5. Qa4+ Nc6 6. e3 O-O 7. Bd2 Re8 8. a3 Bf8 9. Be2 a6 10. O-O dxc4 11. Qxc4 Bd6 12. e4 e5 13. d5 Ne7 14. Nh4 Ng6 15. Nxg6 hxg6 16. a4 Nh5 17. g3 Bh3 18. Rfd1 Nf6 19. Bg5 Qc8 20. a5 Kh7 21. b4 Bg4 22. f3 Bd7 23. Rab1 b5 24. Qd3 Rh8 25. Be3 Kg8 26. Bf1 Bh3 27. Rd2 Qf8 28. Na2 Qe7 29. Rc2 Bxf1 30. Qxf1 Nd7 31. Rc6 f5 32. Qd3 f4 33. Bf2 fxg3 34. Bxg3 g5 35. Qe2 Rh6 36. Qg2 Nb8 37. Rc2 Nd7 38. Rc6 Nb8 39. Rc2 Nd7 40. Rc6 Nb8 41. Rc2 Nd7 42. Rc6 Nb8 1/2-1/2

[Event "29th Czech Open-Rapid 2018"]
[Site "Pardubice"]
[Date "2018.07.19"]
[Round "6"]
[White "Becker, Dirk"]
[Black "Barak, Gil"]
[Result "0-1"]
[ECO "D00"]
[WhiteElo "2288"]
[BlackElo "1946"]
[Annotator "NA"]
[PlyCount "136"]
[EventDate "2018.07.18"]
[EventType "swiss"]
[EventCountry "CZE"]
[SourceTitle "playchess.com"]
[Source "ChessBase"]
[SourceQuality "1"]
[TimeControl "900+10"]

1. d4 d5 2. Bf4 e6 3. e3 c5 4. c3 Nc6 5. Nd2 Bd6 6. Bg3 Nf6 7. Bd3 O-O 8. Ngf3 b6 9. Qe2 Bb7 10. Rd1 Re8 11. e4 dxe4 12. Nxe4 Nxe4 13. Bxe4 cxd4 14. Nxd4 Nxd4 15. Rxd4 Bd5 16. O-O Bxg3 17. hxg3 Qg5 18. Bxd5 exd5 19. Qd3 Rad8 20. Rd1 g6 21. a4 Qh5 22. g4 Qg5 23. Qf3 Re5 24. Rf4 Rde8 25. Rf1 Re1 26. g3 Qh6 27. Qg2 R8e5 28. b4 Qf8 29. Qf3 Qh6 30. Qg2 Qf8 31. Rd4 Qe7 32. Qf3 Qg5 33. Rd1 R1e2 34. a5 Kg7 35. Kg2 R5e3 36. Qxd5 Re5 37. Qf3 R5e3 38. Qd5 Re5 39. Qd4 R2e4 40. Qd2 Qxg4 41. Rh1 g5 42. Qd6 Re6 43. Qd3 Qf5 44. Qf3 Qe5 45. Rd3 Re2 46. Qh5 h6 47. Qf3 Rf6 48. Rhd1 Rxf3 49. Rxf3 g4 50. Rf4 h5 51. Rd7 Qe6 52. Rd1 Re1 53. Rxe1 Qxe1 54. axb6 axb6 55. Rc4 Qe2 56. Rf4 Qd2 57. Kf1 Qxc3 58. Ke2 Qc2+ 59. Ke3 Qd1 60. Ke4 Qd6 61. Ke3 Kg6 62. Re4 f5 63. Rf4 Qd5 64. Ke2 Kg5 65. Ke3 Qd1 66. Rd4 Qf3+ 67. Kd2 Qxf2+ 68. Kc3 Qxg3+ 0-1

[Event "29th Czech Open-Rapid 2018"]
[Site "Pardubice"]
[Date "2018.07.19"]
[Round "6"]
[White "Freisler, Pavel"]
[Black "Jun, Rudolf"]
[Result "0-1"]
[ECO "E62"]
[WhiteElo "2237"]
[BlackElo "1651"]
[Annotator "NA"]
[PlyCount "132"]
[EventDate "2018.07.18"]
[EventType "swiss"]
[EventCountry "CZE"]
[SourceTitle "playchess.com"]
[Source "ChessBase"]
[SourceQuality "1"]
[TimeControl "900+10"]

1. Nf3 Nf6 2. c4 g6 3. Nc3 d6 4. d4 Bg7 5. g3 O-O 6. Bg2 Nh5 7. e4 e5 8. dxe5 dxe5 9. Qxd8 Rxd8 10. Bg5 f6 11. Be3 Na6 12. Ke2 Be6 13. Rhd1 Bxc4+ 14. Ke1 Nb4 15. Rd2 Rxd2 16. Kxd2 Rd8+ 17. Kc1 f5 18. Ne1 f4 19. Bc5 Nc6 20. b3 Be6 21. Bf1 b6 22. Ba3 fxg3 23. hxg3 Bh6+ 24. Kb1 Nd4 25. Nd3 Nf3 26. Be2 Bg4 27. Kb2 Nh2 28. Kc2 Bxe2 29. Nxe2 Nf3 30. Bb2 Nf6 31. Rh1 Bg5 32. Nc3 c6 33. Rd1 Bh6 34. Nb4 Nd4+ 35. Kb1 a5 36. Nd3 Nf3 37. Kc2 b5 38. Nc5 Nd4+ 39. Kb1 Bf8 40. Nd3 Nf3 41. a4 b4 42. Ne2 Nxe4 43. Kc2 Nd4+ 44. Bxd4 exd4 45. f3 Nf6 46. Nef4 Bd6 47. Ne6 Rc8 48. Nxd4 c5 49. Nb5 Bxg3 50. Nb2 Re8 51. Nc4 Re2+ 52. Rd2 Rxd2+ 53. Kxd2 h5 54. Ke2 h4 55. Kf1 Nh5 56. Nbd6 h3 57. Ne4 Bc7 58. Ne3 Kg7 59. Ng4 Ng3+ 60. Nxg3 Bxg3 61. Ne3 Kf6 62. Nc4 Bc7 63. Kf2 Kf5 64. Ne3+ Ke5 65. Nc2 Kd5 66. Ne3+ Kd4 0-1

[Event "29th Czech Open-Rapid 2018"]
[Site "Pardubice"]
[Date "2018.07.19"]
[Round "6"]
[White "Vusatiuk, Vladimir"]
[Black "Matviishen, Viktor"]
[Result "1-0"]
[ECO "E53"]
[WhiteElo "2230"]
[BlackElo "2425"]
[Annotator "NA"]
[PlyCount "92"]
[EventDate "2018.07.18"]
[EventType "swiss"]
[EventCountry "CZE"]
[SourceTitle "playchess.com"]
[Source "ChessBase"]
[SourceQuality "1"]
[TimeControl "900+10"]

1. d4 Nf6 2. c4 e6 3. Nc3 Bb4 4. e3 O-O 5. Bd3 d5 6. Nf3 c5 7. O-O cxd4 8. exd4 dxc4 9. Bxc4 b6 10. Qb3 Bxc3 11. bxc3 Nc6 12. Ba3 Na5 13. Qa4 Bd7 14. Bb5 Bxb5 15. Qxb5 Re8 16. Bb4 a6 17. Qe2 Nc6 18. Ba3 b5 19. Bc5 Nd5 20. c4 bxc4 21. Qxc4 Qa5 22. Rab1 Rec8 23. Rfc1 h6 24. g3 Rab8 25. Rxb8 Rxb8 26. Bd6 Rb6 27. Ne5 Nxe5 28. dxe5 Qd2 29. Qc8+ Kh7 30. Qc2+ Qxc2 31. Rxc2 Kg6 32. Kg2 h5 33. h3 Rb5 34. Rc6 Ra5 35. a3 Ra4 36. Rc8 Nb6 37. Rg8 Nc4 38. Bf8 Nxe5 39. Rxg7+ Kf6 40. Rh7 Ng6 41. Bg7+ Ke7 42. Rxh5 Rxa3 43. h4 a5 44. Rb5 f6 45. Rb7+ Kd6 46. h5 Kd5 1-0

[Event "29th Czech Open-Rapid 2018"]
[Site "Pardubice"]
[Date "2018.07.19"]
[Round "6"]
[White "Balint, Vilmos"]
[Black "Kusa, Jakub"]
[Result "*"]
[ECO "C33"]
[WhiteElo "2226"]
[BlackElo "1781"]
[Annotator "NA"]
[PlyCount "36"]
[EventDate "2018.07.18"]
[EventType "swiss"]
[EventCountry "CZE"]
[SourceTitle "playchess.com"]
[Source "ChessBase"]
[SourceQuality "1"]
[TimeControl "900+10"]

1. e4 e5 2. f4 exf4 3. Bc4 d6 4. d4 g5 5. h4 Qe7 6. Nc3 Nf6 7. hxg5 Nxe4 8. Nxe4 Qxe4+ 9. Qe2 Qxe2+ 10. Nxe2 Bg7 11. Bxf4 Bg4 12. O-O-O Nc6 13. c3 O-O-O 14. Rh4 Bxe2 15. Bxe2 Ne7 16. Bd2 Rde8 17. Bg4+ Kb8 18. Rdh1 f6 *

[Event "29th Czech Open-Rapid 2018"]
[Site "Pardubice"]
[Date "2018.07.19"]
[Round "6"]
[White "Gabr, Mohsen"]
[Black "Ruzicka, Josef"]
[Result "1-0"]
[ECO "E65"]
[WhiteElo "2181"]
[BlackElo "2089"]
[Annotator "NA"]
[PlyCount "137"]
[EventDate "2018.07.18"]
[EventType "swiss"]
[EventCountry "CZE"]
[SourceTitle "playchess.com"]
[Source "ChessBase"]
[SourceQuality "1"]
[TimeControl "900+10"]

1. d4 Nf6 2. Nf3 g6 3. g3 Bg7 4. Bg2 O-O 5. O-O d6 6. c4 c5 7. Nc3 Nc6 8. dxc5 dxc5 9. Be3 Nd7 10. Qd2 Qa5 11. Bh6 Nf6 12. Bxg7 Kxg7 13. e3 Rd8 14. Qe2 Bf5 15. Rfd1 Ne4 16. Nxe4 Bxe4 17. b3 Rxd1+ 18. Rxd1 Rd8 19. Rxd8 Qxd8 20. Ne1 Bxg2 21. Kxg2 b6 22. h4 h5 23. Qb2+ Kg8 24. Nf3 Qd6 25. Ng5 Nb4 26. Kh2 Nc6 27. Qe2 Qf6 28. Nh3 Ne5 29. Nf4 Qd6 30. Kg2 Qc6+ 31. f3 e6 32. Nh3 Qd6 33. Nf2 Kg7 34. Qb2 f6 35. Qc2 Qd7 36. Qe2 Qd8 37. f4 Nc6 38. Qf3 Qd7 39. g4 hxg4 40. Qxg4 Kh6 41. Qf3 Kg7 42. h5 gxh5 43. Qxh5 Ne7 44. e4 Qd2 45. Qg4+ Kf7 46. Qh4 Kg7 47. e5 Nf5 48. Qxf6+ Kh7 49. Qf7+ Kh8 50. Qf8+ Kh7 51. Qf7+ Kh8 52. Qf6+ Kh7 53. Qf7+ Kh8 54. Qf6+ Kh7 55. Qxe6 Qxf4 56. Qf7+ Kh8 57. Qe8+ Kg7 58. Qd7+ Kg6 59. Qc6+ Kh7 60. Qe4 Qg5+ 61. Kf1 Kh8 62. Qa8+ Kh7 63. Qxa7+ Kh6 64. Qxb6+ Kh5 65. Qf6 Qc1+ 66. Ke2 Qe3+ 67. Kf1 Qc1+ 68. Kg2 Ne3+ 69. Kf3 1-0

[Event "29th Czech Open-Rapid 2018"]
[Site "Pardubice"]
[Date "2018.07.19"]
[Round "6"]
[White "Mirzoeva, Elmira"]
[Black "Gutman, Gennadi"]
[Result "0-1"]
[ECO "A45"]
[WhiteElo "2181"]
[BlackElo "2402"]
[Annotator "NA"]
[PlyCount "94"]
[EventDate "2018.07.18"]
[EventType "swiss"]
[EventCountry "CZE"]
[SourceTitle "playchess.com"]
[Source "ChessBase"]
[SourceQuality "1"]
[TimeControl "900+10"]

1. d4 Nf6 2. Bf4 c5 3. e3 d5 4. c3 Nc6 5. Nd2 cxd4 6. exd4 Bf5 7. Qb3 Qc8 8. Ngf3 e6 9. h3 h6 10. Be2 Be7 11. O-O O-O 12. Rfe1 a6 13. a4 Na5 14. Qa2 Qd8 15. b4 Nc6 16. a5 Bd6 17. Bxd6 Qxd6 18. Nb3 Ne4 19. Qb2 Rfe8 20. Rad1 Qc7 21. Nfd2 Nd6 22. Nc5 Re7 23. Nf1 Rae8 24. Ne3 Bg6 25. Qb3 Na7 26. c4 dxc4 27. Nxc4 Nc6 28. Nb6 Nf5 29. Qc3 Qd6 30. d5 exd5 31. Nxd5 Rxe2 32. Rxe2 Rxe2 33. Nxb7 Qe5 34. Qxc6 Nd4 35. Qc8+ Kh7 36. Ne3 Rxe3 37. fxe3 Qxe3+ 38. Kh1 Be4 39. Qg4 f5 40. Qh4 Bxg2+ 41. Kxg2 Qf3+ 42. Kh2 Qe2+ 43. Kg3 Qxd1 44. Kg2 Qf3+ 45. Kh2 Qe2+ 46. Kh1 Qf1+ 47. Kh2 Nf3+ 0-1

[Event "29th Czech Open-Rapid 2018"]
[Site "Pardubice"]
[Date "2018.07.19"]
[Round "6"]
[White "Illetsko, Jaroslav"]
[Black "Natarov, Ilya"]
[Result "1-0"]
[ECO "B31"]
[WhiteElo "2177"]
[BlackElo "1808"]
[Annotator "NA"]
[PlyCount "39"]
[EventDate "2018.07.18"]
[EventType "swiss"]
[EventCountry "CZE"]
[SourceTitle "playchess.com"]
[Source "ChessBase"]
[SourceQuality "1"]
[TimeControl "900+10"]

1. e4 c5 2. Nf3 Nc6 3. Bb5 g6 4. O-O Bg7 5. Re1 a6 6. Bxc6 bxc6 7. d3 Rb8 8. c3 Qa5 9. Qc2 d6 10. Nbd2 e6 11. Nc4 Qc7 12. e5 dxe5 13. Nfxe5 f6 14. Nf3 Ne7 15. Be3 O-O 16. Bxc5 Rd8 17. Nd4 Rd5 18. Bxe7 Qxe7 19. Nxc6 Qd6 20. Nxd6 1-0

[Event "29th Czech Open-Rapid 2018"]
[Site "Pardubice"]
[Date "2018.07.19"]
[Round "6"]
[White "Nikologorsky, Matfei"]
[Black "Dolezal, Radoslav"]
[Result "1-0"]
[ECO "B17"]
[WhiteElo "2140"]
[BlackElo "2339"]
[Annotator "NA"]
[PlyCount "85"]
[EventDate "2018.07.18"]
[EventType "swiss"]
[EventCountry "CZE"]
[SourceTitle "playchess.com"]
[Source "ChessBase"]
[SourceQuality "1"]
[TimeControl "900+10"]

1. e4 c6 2. d4 d5 3. Nd2 dxe4 4. Nxe4 Nd7 5. Nf3 Ngf6 6. Ng3 g6 7. h4 h6 8. Bd3 Bg7 9. h5 g5 10. Nf5 Bf8 11. Bd2 Nb6 12. Qe2 Bxf5 13. Bxf5 Bg7 14. O-O-O Qd5 15. Bb4 O-O 16. Bd3 Qxa2 17. c3 Nfd5 18. Bb1 Qc4 19. Qc2 f5 20. Ba3 Qa4 21. Qe2 Nf4 22. Qxe7 Rf7 23. Ba2 Nbd5 24. Qe1 Bf8 25. Bxd5 Nxd5 26. Bxf8 Raxf8 27. Qe6 Qa1+ 28. Kc2 Qa2 29. Qxh6 Qc4 30. Kd2 Qb3 31. Rb1 g4 32. Ne5 Nf6 33. Nxf7 Ne4+ 34. Ke3 Rxf7 35. Qg6+ Kf8 36. Kf4 Qc2 37. Qh6+ Ke7 38. Rbe1 Qxf2+ 39. Ke5 Qxb2 40. Rb1 Qe2 41. Rxb7+ Ke8 42. Qe6+ Kd8 43. Rb8+ 1-0

[Event "29th Czech Open-Rapid 2018"]
[Site "Pardubice"]
[Date "2018.07.19"]
[Round "6"]
[White "Zlatin, Alexander"]
[Black "Burdalev, Kirill"]
[Result "1/2-1/2"]
[ECO "B03"]
[WhiteElo "2135"]
[BlackElo "2383"]
[Annotator "NA"]
[PlyCount "74"]
[EventDate "2018.07.18"]
[EventType "swiss"]
[EventCountry "CZE"]
[SourceTitle "playchess.com"]
[Source "ChessBase"]
[SourceQuality "1"]
[TimeControl "900+10"]

1. e4 Nf6 2. e5 Nd5 3. d4 d6 4. c4 Nb6 5. Nf3 Bg4 6. h3 Bxf3 7. Qxf3 Nc6 8. e6 fxe6 9. Be3 e5 10. d5 Nb4 11. Qe4 c6 12. Nc3 e6 13. dxe6 Qf6 14. a3 Na6 15. Be2 Nc7 16. O-O Nxe6 17. f4 Be7 18. Bg4 Nxf4 19. Bxf4 exf4 20. Rae1 g5 21. Qd3 O-O 22. Re6 Qg7 23. Rfe1 Bf6 24. Rxd6 Rad8 25. Be6+ Kh8 26. Rd1 Rxd6 27. Qxd6 Be7 28. Qd3 Qe5 29. Qe4 Qxe4 30. Nxe4 c5 31. b4 cxb4 32. c5 Na4 33. axb4 Rd8 34. Rxd8+ Bxd8 35. Nd6 Kg7 36. Nxb7 Bc7 37. Bd7 Nb2 1/2-1/2

[Event "29th Czech Open-Rapid 2018"]
[Site "Pardubice"]
[Date "2018.07.19"]
[Round "6"]
[White "Kutynec, Vladimir"]
[Black "Zdrazil, Tomas"]
[Result "0-1"]
[ECO "E95"]
[WhiteElo "2134"]
[BlackElo "2017"]
[Annotator "NA"]
[PlyCount "140"]
[EventDate "2018.07.18"]
[EventType "swiss"]
[EventCountry "CZE"]
[SourceTitle "playchess.com"]
[Source "ChessBase"]
[SourceQuality "1"]
[TimeControl "900+10"]

1. Nf3 Nf6 2. c4 g6 3. Nc3 Bg7 4. e4 d6 5. d4 O-O 6. Be2 e5 7. O-O Nbd7 8. Re1 c6 9. Bf1 Re8 10. d5 c5 11. Rb1 Rf8 12. b4 cxb4 13. Rxb4 Qa5 14. Qa4 Qxa4 15. Nxa4 b6 16. Bd3 Nh5 17. g3 f5 18. Ng5 Nc5 19. Nxc5 bxc5 20. Rb3 f4 21. Bf1 Bh6 22. Ne6 Bxe6 23. dxe6 fxg3 24. hxg3 Bxc1 25. Rxc1 Ng7 26. Bh3 Rfe8 27. Rd1 Nxe6 28. Rxd6 Nd4 29. Rb7 Rad8 30. Bd7 Rf8 31. Rxa7 Kh8 32. Rc7 Nf3+ 33. Kg2 Ng5 34. f3 Nxf3 35. Re6 Rf7 36. Rd6 Ng5 37. Rc8 Rxc8 38. Bxc8 Nxe4 39. Re6 Rf2+ 40. Kg1 Rxa2 41. Rxe5 Nxg3 42. Rxc5 Kg7 43. Re5 Rc2 44. Be6 Ne2+ 45. Kf1 Nd4 46. Bd5 Kf6 47. Re4 Nf5 48. Ke1 h5 49. Kd1 Ra2 50. Re6+ Kg5 51. Kc1 h4 52. Kb1 Rd2 53. Kc1 Rd4 54. Kc2 h3 55. Re2 Kg4 56. Kc3 Rd1 57. c5 Rc1+ 58. Kb4 Rb1+ 59. Ka5 Rd1 60. Bf7 Kf3 61. Rc2 g5 62. Be6 Ne3 63. Rh2 g4 64. c6 Rc1 65. Kb6 Kg3 66. Re2 h2 67. Rxh2 Kxh2 68. Bxg4 Nxg4 69. c7 Nf6 70. Kb7 Ne8 0-1

[Event "29th Czech Open-Rapid 2018"]
[Site "Pardubice"]
[Date "2018.07.19"]
[Round "6"]
[White "Tarakanov, Oleg"]
[Black "Holy, Filip"]
[Result "1-0"]
[ECO "B15"]
[WhiteElo "2128"]
[BlackElo "2042"]
[Annotator "NA"]
[PlyCount "77"]
[EventDate "2018.07.18"]
[EventType "swiss"]
[EventCountry "CZE"]
[SourceTitle "playchess.com"]
[Source "ChessBase"]
[SourceQuality "1"]
[TimeControl "900+10"]

1. e4 c6 2. d4 d5 3. Nc3 dxe4 4. Nxe4 Nf6 5. Ng3 h5 6. Bc4 Qc7 7. Nf3 e6 8. O-O Nbd7 9. Qe2 Be7 10. Ng5 Nf8 11. Re1 b5 12. Bb3 N8h7 13. h4 Nxg5 14. Bxg5 Bb7 15. c4 Rd8 16. Rad1 a6 17. c5 a5 18. a3 Ba6 19. Qf3 b4 20. axb4 axb4 21. Bf4 Qb7 22. Be5 Bb5 23. Re3 Ra8 24. Rde1 Kf8 25. Qd1 Ng4 26. Rf3 Nf6 27. Qd2 Ba4 28. Bc4 Rb8 29. b3 Bb5 30. Qxb4 Bxc4 31. Qxc4 Qb4 32. Ra1 Qxc4 33. bxc4 Rc8 34. Ra7 Ng4 35. Bd6 Re8 36. Rfa3 Bxd6 37. cxd6 Rh6 38. Ne4 Rb8 39. Ra8 1-0

[Event "29th Czech Open-Rapid 2018"]
[Site "Pardubice"]
[Date "2018.07.19"]
[Round "6"]
[White "Fedotov, Konstantin"]
[Black "Harshini, A."]
[Result "1-0"]
[ECO "C24"]
[WhiteElo "2123"]
[BlackElo "1747"]
[Annotator "NA"]
[PlyCount "81"]
[EventDate "2018.07.18"]
[EventType "swiss"]
[EventCountry "CZE"]
[SourceTitle "playchess.com"]
[Source "ChessBase"]
[SourceQuality "1"]
[TimeControl "900+10"]

1. e4 e5 2. Bc4 Nf6 3. d4 d6 4. dxe5 dxe5 5. Bxf7+ Ke7 6. Qxd8+ Kxd8 7. f3 Nc6 8. Be3 Bd6 9. Nc3 Rf8 10. Bb3 a6 11. a3 Na5 12. Ba2 b5 13. O-O-O Bd7 14. Rxd6 cxd6 15. Bb6+ Ke7 16. Bxa5 g5 17. h3 h5 18. Nge2 h4 19. Rd1 Bc6 20. Nd5+ Nxd5 21. Bxd5 Bxd5 22. Rxd5 Rf6 23. Nc3 Rc8 24. Rd3 Ke6 25. Nd5 Rf7 26. Bd2 Rg7 27. Nb4 Ra8 28. Rc3 Kd7 29. Nd5 Ra7 30. Be3 Rb7 31. b4 Rg6 32. Nb6+ Ke6 33. Rc6 Rg8 34. Nd5 Ra8 35. Bc5 Rd8 36. Rxa6 Rbd7 37. Be3 Rg8 38. Rb6 Ra7 39. Kb2 Rga8 40. Rxb5 Rxa3 41. Nc7+ 1-0

[Event "29th Czech Open-Rapid 2018"]
[Site "Pardubice"]
[Date "2018.07.19"]
[Round "6"]
[White "Vinklarek, Ondrej"]
[Black "Rakshitta, Ravi"]
[Result "1-0"]
[ECO "C77"]
[WhiteElo "2122"]
[BlackElo "1565"]
[Annotator "NA"]
[PlyCount "79"]
[EventDate "2018.07.18"]
[EventType "swiss"]
[EventCountry "CZE"]
[SourceTitle "playchess.com"]
[Source "ChessBase"]
[SourceQuality "1"]
[TimeControl "900+10"]

1. e4 e5 2. Nf3 Nc6 3. Bb5 a6 4. Ba4 Nf6 5. d3 b5 6. Bb3 Be7 7. O-O O-O 8. c3 d5 9. Qe2 Bg4 10. Nbd2 dxe4 11. dxe4 Na5 12. h3 Nxb3 13. axb3 Bh5 14. g4 Nxg4 15. hxg4 Bxg4 16. Qe3 Qd6 17. Nh2 Bh5 18. Qg3 f5 19. exf5 Rxf5 20. Ne4 Qc6 21. Qg2 Raf8 22. Ng3 e4 23. Qxe4 Qxe4 24. Nxe4 Re5 25. Ng3 Bf7 26. Bf4 Rc5 27. Be3 Rc6 28. b4 h5 29. Bd4 h4 30. Ne4 Bd5 31. f3 Rg6+ 32. Kh1 Rh6 33. Rae1 Bd8 34. Rg1 Rf7 35. Ng4 Rg6 36. Ne5 Rxg1+ 37. Rxg1 Re7 38. Nf6+ Kf8 39. Nxd5 c6 40. Ng6+ 1-0

[Event "29th Czech Open-Rapid 2018"]
[Site "Pardubice"]
[Date "2018.07.19"]
[Round "6"]
[White "Kyrychenko, Maryan"]
[Black "Turner, Jan"]
[Result "0-1"]
[ECO "B00"]
[WhiteElo "2120"]
[BlackElo "2332"]
[Annotator "NA"]
[PlyCount "210"]
[EventDate "2018.07.18"]
[EventType "swiss"]
[EventCountry "CZE"]
[SourceTitle "playchess.com"]
[Source "ChessBase"]
[SourceQuality "1"]
[TimeControl "900+10"]

1. e4 Nc6 2. Nf3 d6 3. d4 Nf6 4. Nc3 g6 5. Bg5 Bg7 6. e5 Nd7 7. exd6 cxd6 8. Bc4 O-O 9. O-O Nb6 10. Be2 Bg4 11. Be3 Bxf3 12. Bxf3 Nc4 13. Qe2 Nxe3 14. fxe3 Rc8 15. Nd1 e5 16. c3 Qe7 17. Qd3 f5 18. Bd5+ Kh8 19. b4 Rfe8 20. Nb2 Qd7 21. a4 Ne7 22. Bb3 f4 23. e4 exd4 24. cxd4 Nc6 25. Kh1 Nxd4 26. Rxf4 Rf8 27. Rxf8+ Rxf8 28. Bd5 Nc6 29. Qd2 Ne5 30. h3 Qe7 31. Kg1 Qh4 32. Rf1 Rxf1+ 33. Kxf1 b6 34. Nd3 Qg3 35. Nf2 h5 36. Qc2 Kh7 37. Qb3 Qf4 38. Ke2 Bh6 39. Qc2 Qe3+ 40. Kf1 Qa3 41. Qc7+ Bg7 42. Qxd6 Qa1+ 43. Ke2 Qb2+ 44. Kf1 Qc1+ 45. Ke2 Qc2+ 46. Kf1 Qxa4 47. h4 Qa1+ 48. Ke2 Qb2+ 49. Kf1 Qc1+ 50. Ke2 Qc2+ 51. Kf1 Qc1+ 52. Ke2 Qc2+ 53. Kf1 Nc4 54. Qf4 Qb1+ 55. Ke2 Qxb4 56. Nh3 Qb2+ 57. Kf1 Qb1+ 58. Kf2 Qb2+ 59. Kf1 Qa1+ 60. Ke2 Qb2+ 61. Kf1 Qb1+ 62. Ke2 Qb2+ 63. Kf1 Ne5 64. Ng5+ Kh8 65. Kg1 Qa1+ 66. Kh2 Ng4+ 67. Kh3 Qh1+ 68. Kg3 Be5 69. Nf7+ Kg7 70. Nxe5 Qh2+ 71. Kf3 Nxe5+ 72. Ke3 Qg1+ 73. Kd2 Qxg2+ 74. Kc3 Qf3+ 75. Qxf3 Nxf3 76. Kb4 Kf6 77. Kb5 Ng1 78. Ka6 Ke5 79. Kxa7 b5 80. Kb6 b4 81. Kc5 Nf3 82. Kxb4 Nxh4 83. Kc3 Ng2 84. Kd2 Nf4 85. Bf7 Kxe4 86. Ke1 Kf5 87. Kf2 g5 88. Kf3 g4+ 89. Kg3 Kg5 90. Be8 h4+ 91. Kf2 Nd3+ 92. Kg2 h3+ 93. Kg3 Nf4 94. Bc6 Nh5+ 95. Kh2 Kh4 96. Bb7 g3+ 97. Kh1 Nf4 98. Bf3 h2 99. Bc6 Nd3 100. Kg2 Nf2 101. Kf1 h1=Q+ 102. Bxh1 Nxh1 103. Kg2 Nf2 104. Kf1 Kh3 105. Kg1 g2 0-1